 Dungeon Crawl Stone Soup version 0.18-a0-1197-g8004e50 (webtiles) character file.

21242 M4edhros the Blocker (level 12, -11/74 HPs)
             Began as an Octopode Artificer on Jan 28, 2016.
             Was an Elder of Fedhas.
             Mangled by a nine-headed hydra (15 damage)
             ... on level 2 of the Lair of Beasts on Jan 30, 2016.
             The game lasted 00:57:08 (15175 turns).

M4edhros the Blocker (Octopode Artificer)          Turns: 15175, Time: 00:57:08

Health: -11/74     AC:  7    Str: 11    XL:     12   Next: 87%
Magic:  15/17      EV: 16    Int: 18    God:    Fedhas [****..]
Gold:   939        SH: 21    Dex: 13    Spells: 0 memorised, 11 levels left

rFire  . . .     SeeInvis .     z - +0 long sword (elec)
rCold  . . .     Gourm    .     r - +4 large shield {AC+3}
rNeg   . . .     Faith    .     u - +1 hat
rPois  +         Spirit   .     (no amulet)
rElec  .         Dismiss  .     b - ring of sustain attributes
rCorr  +         Reflect  .     g - ring of resist corrosion
SustAt +         Harm     .     (no ring)
MR     .....                    (no ring)
Stlth  ++++++....               (no ring)
                                (no ring)
                                (no ring)
                                (no ring)

@: not resistant to hostile enchantments, very stealthy
A: almost no armour, amphibious, 8 rings, constrict 8, fangs 1, repulsion field
1, icy blue scales 1, rugged brown scales 1, camouflage 1, frail 1, poison
resistance, gelatinous body 1, subdued magic 1, MP-powered wands
a: Evolution, Sunlight, Growth, Reproduction, Renounce Religion


You were on level 2 of the Lair of Beasts.
You worshipped Fedhas.
Fedhas was greatly pleased with you.
You were not hungry.

You visited 3 branches of the dungeon, and saw 14 of its levels.
You also visited: Sewer and Ice Cave.

You collected 939 gold pieces.

Inventory:

Hand Weapons
 a - a +2 dagger of venom
 z - a +0 long sword of electrocution (weapon)
 N - a +0 hunting sling
 P - a +0 blowgun
 U - a +2 whip of electrocution
Missiles
 e - 342 stones (quivered)
 p - 44 sling bullets
 R - 3 curare-tipped needles
 V - 9 poisoned sling bullets
Armour
 r - a +4 large shield of protection (worn)
 u - a +1 hat (worn)
Jewellery
 b - a ring of sustain attributes (left tentacle)
 g - a ring of resist corrosion (right tentacle)
 k - an uncursed ring of ice
 D - an uncursed ring of ice
 Z - an uncursed ring of ice
Wands
 c - a wand of enslavement (6/24)
 d - a wand of lightning (13/15)
 h - a wand of digging (3/24)
 l - a wand of enslavement (14/24)
 m - a wand of polymorph (9/24)
 y - a wand of flame (22/48)
 B - a wand of removedness (9/24)
 I - a wand of confusion (31/48)
 Q - a wand of random effects (10/48)
 Y - a wand of enslavement (11/24)
Scrolls
 j - 3 scrolls of magic mapping
 n - 3 scrolls of blinking
 C - 4 scrolls of fog
 F - 2 scrolls of recharging
 H - 8 scrolls of enchant weapon
 M - 4 scrolls of teleportation
Potions
 J - a potion of brilliance
 L - 2 potions of poison
 O - a potion of haste {unknown}
 T - 4 potions of flight {unknown}
 W - a potion of magic
 X - a potion of berserk rage
Books
 v - a book of the Warp

   Spells                             Type                      Level
   a - Recall                         Summoning/Translocation      3
   b - Gell's Gravitas                Hexes/Translocation          3
   c - Force Lance                    Conjuration/Translocation    4
   d - Phase Shift                    Translocation                5
   e - Warp Weapon                    Charms/Translocation         5
   f - Summon Forest                  Summoning/Translocation      5
 x - a book of Changes

   Spells                             Type                      Level
   a - Beastly Appendage              Transmutation                1
   b - Sticks to Snakes               Transmutation                2
   c - Spider Form                    Transmutation/Poison         3
   d - Ice Form                       Ice/Transmutation            4
   e - Blade Hands                    Transmutation                5
Miscellaneous
 q - a lantern of shadows
Comestibles
 f - 5 bread rations
 i - 8 slices of pizza
 o - a royal jelly
 A - 3 beef jerkies
 K - 6 fruits


   Skills:
 + Level 6.9 Fighting
 - Level 1.0 Short Blades
 + Level 8.3 Dodging
 - Level 10.2 Stealth
 - Level 13.8 Shields
 + Level 6.8 Invocations
 + Level 7.7 Evocations


You had 11 spell levels left.
You didn't know any spells.

Dungeon Overview and Level Annotations

Branches:
Dungeon (11/15)            Temple (1/1) D:7            Lair (2/8) D:11
    Orc: D:9-12

Altars:
Ashenzari
Cheibriados
Dithmenos
Elyvilon
Fedhas
Gozag
Kikubaaqudgha
Makhleb
Nemelex Xobeh
Okawaru
Pakellas
Qazlal
Ru
Sif Muna
Trog
Vehumet
Xom
Yredelemnul
Zin


Innate Abilities, Weirdness & Mutations

You cannot wear most types of armour.
You are amphibious.
You can wear up to eight rings at the same time.
You can use your tentacles to constrict eight enemies at once.
Your skin changes colour to match your surroundings (Stealth).
Your rubbery body absorbs attacks (AC +1).
You have very sharp teeth.
You are surrounded by a mild repulsion field (EV +2).
You are partially covered in icy blue scales (AC +1).
You are partially covered in rugged brown scales (AC +1, +3% HP).
You are frail (-10% HP).
Your system is resistant to poisons.
Your spells are a little easier to cast, but a little less powerful.
You expend magic power (3 MP) to strengthen your wands.


Message History

The eight-headed hydra is engulfed in a cloud of spores!
The eight-headed hydra appears confused.
You lop one of the eight-headed hydra's heads off!
The seven-headed hydra grows two more!
You slash the nine-headed hydra!
The nine-headed hydra is severely wounded.
The nine-headed hydra seems less confused.
You block the nine-headed hydra's attack. x2
The nine-headed hydra bites you. The nine-headed hydra bites you!
You block the nine-headed hydra's attack.
The nine-headed hydra barely misses you.
You block the nine-headed hydra's attack. x2
The nine-headed hydra bites you. x3; The nine-headed hydra bites you! x3
You block the nine-headed hydra's attack.
The nine-headed hydra bites you!
* * * LOW HITPOINT WARNING * * *
The nine-headed hydra bites you!
* * * LOW HITPOINT WARNING * * *
The nine-headed hydra bites you!
You die...
Fedhas appreciates your contribution to the ecosystem.

......... ......###........
......#..........
.....##......!..
#...#.......... #.....#........
#.......D...... #......@......#
#P............# ..
##..f.#........ ......
##..f.#..#...P.# .....##
#.....#P....####
......###.............##
.......................########
#................#............#
....PP##....#.................#


You could see a nine-headed hydra and 2 friendly wandering mushrooms.

Vanquished Creatures
  A shock serpent (D:11)
  A death yak (IceCv)
  Sonja (D:10)
  An unseen horror (D:10)
  A hill giant (D:10)
  Pikel (D:5)
  Psyche (D:10)
  2 spiny frogs (Lair:1)
  2 wandering mushrooms (IceCv)
  A troll (D:11)
  6 polar bears (IceCv)
  19 yaks
  A basilisk (Lair:1)
  10 wolves (IceCv)
  A water moccasin (D:10)
  2 porcupines (Lair:1)
  Purgy (Sewer)
  3 sky beasts
  An orc warrior (D:6)
  A black bear (D:10)
  2 phantoms
  6 centaurs
  4 ogres
  15 big kobolds (D:10)
  4 giant frogs
  2 scorpions
  A killer bee (D:9)
  9 wights
  3 crimson imps
  A quasit (D:11)
  5 hounds
  An orc priest (D:8)
  Crazy Yiuf (D:2)
  3 jellies
  5 orc wizards
  A giant frog skeleton (D:11)
  Ijyb (D:2)
  6 iguanas
  2 worker ants
  20 sheep
  A hound zombie (D:5)
  5 gnolls (D:9)
  8 adders
  11 river rats
  2 shadow imps
  An adder skeleton (D:5)
  3 worms
  7 giant geckos
  17 orcs
  8 giant cockroaches
  3 goblins
  9 hobgoblins
  9 jackals
  12 kobolds
  8 quokkas
  3 ball pythons
  8 bats
  A giant gecko skeleton (D:6)
  6 giant newts
  14 rats
  A toadstool (IceCv)
286 creatures vanquished.

Vanquished Creatures (collateral kills)
  A frost giant (IceCv)
  A hydra (Lair:1)
  Erolcha (D:8)
  The ghost of Chiseanne the Fighter, a novice CeAE of Gozag (D:9)
  Urug (D:11)
  2 death yaks (IceCv)
  A wandering mushroom (D:11)
  Joseph (D:8)
  Maurice (D:11)
  A spiny frog (Lair:1)
  7 polar bears (IceCv)
  A two-headed ogre (D:11)
  13 yaks
  A hog (D:8)
  A human (D:8)
  A hippogriff (Lair:1)
  A hungry ghost (D:10)
  6 wolves (IceCv)
  2 porcupines (Lair:1)
  2 sky beasts
  An ogre (D:11)
  A centaur (D:11)
  2 big kobolds (D:10)
  A giant frog (Lair:1)
  2 gnoll sergeants (D:9)
  A wyvern skeleton (D:6)
  A scorpion (D:11)
  3 killer bees (D:9)
  An orc wizard (D:8)
  3 sheep (Lair:2)
  6 gnolls (D:9)
  A river rat (Lair:1)
  2 orcs
  7 kobolds (D:10)
78 creatures vanquished.

Vanquished Creatures (others)
  A centaur warrior (D:11)
  A komodo dragon (Lair:1)
  A killer bee (D:9)
  An orc wizard (D:5)
  A quokka (D:8)
  17 wandering mushrooms
  304 toadstools
326 creatures vanquished.

Grand Total: 690 creatures vanquished

Notes
Turn   | Place    | Note
--------------------------------------------------------------
     0 | D:1      | M4edhros the Octopode Artificer began the quest for the Orb.
     0 | D:1      | Reached XP level 1. HP: 13/13 MP: 3/3
    78 | D:1      | Reached XP level 2. HP: 1/18 MP: 4/4
   527 | D:4      | Found an oddly glowing altar of Pakellas.
   655 | D:4      | Found a burning altar of Makhleb.
   655 | D:4      | Found a shadowy altar of Dithmenos.
   661 | D:4      | Reached XP level 3. HP: 23/23 MP: 5/5
   860 | D:4      | Reached XP level 4. HP: 28/28 MP: 6/6
   865 | D:4      | Found an oddly glowing altar of Pakellas.
   867 | D:4      | Found a basalt altar of Yredelemnul.
   989 | D:4      | Reached skill level 4 in Stealth
   989 | D:4      | Reached XP level 5. HP: 23/33 MP: 6/8
  1092 | D:4      | Found a glowing drain.
  1121 | Sewer    | Entered a sewer
  1318 | Sewer    | Noticed Purgy
  1342 | Sewer    | Killed Purgy
  1342 | Sewer    | Reached skill level 5 in Stealth
  1342 | Sewer    | Reached XP level 6. HP: 31/38 MP: 9/9
  1635 | D:5      | Entered Level 5 of the Dungeon
  1635 | D:5      | Noticed Pikel
  1635 | D:5      | Noticed a slave
  1635 | D:5      | Noticed a slave
  1635 | D:5      | Noticed a slave
  1635 | D:5      | Noticed a slave
  1635 | D:5      | Noticed a phantom
  1727 | D:5      | Reached skill level 6 in Stealth
  1801 | D:5      | Killed Pikel
  1801 | D:5      | Reached skill level 5 in Shields
  1801 | D:5      | Reached XP level 7. HP: 32/43 MP: 10/10
  1876 | D:5      | Reached XP level 8. HP: 26/48 MP: 11/11
  2672 | D:7      | Reached skill level 7 in Shields
  2839 | D:7      | Found a staircase to the Ecumenical Temple.
  2890 | D:7      | Reached skill level 8 in Shields
  3002 | Temple   | Entered the Ecumenical Temple
  3096 | Temple   | Became a worshipper of Fedhas Madash
  3654 | D:1      | Reached * piety under Fedhas
  4252 | D:2      | Noticed Ijyb
  4256 | D:2      | Killed Ijyb
  4448 | D:2      | Noticed Crazy Yiuf
  4452 | D:2      | Upgraded the game from 0.18-a0-1186-gd02dc51 to 0.18-a0-1196-g09327cf
  4464 | D:2      | Killed Crazy Yiuf
  4849 | D:3      | Found a faded altar to an unknown god.
  5071 | D:3      | Found a radiant altar of Vehumet.
  5139 | D:3      | Found a shimmering altar of Xom.
  5231 | D:3      | Found an opulent altar of Gozag.
  5394 | D:3      | Reached ** piety under Fedhas
  5757 | D:6      | Reached skill level 9 in Shields
  5757 | D:6      | Reached XP level 9. HP: 25/53 MP: 10/12
  5850 | D:6      | Gained mutation: Your system is resistant to poisons. [mutagenic meat]
  5851 | D:6      | Gained mutation: Scrolls take you a little longer to read. [mutagenic meat]
  5852 | D:6      | Gained mutation: Your muscles are strong. (Str +2) [mutagenic meat]
  5853 | D:6      | Gained mutation: You are partially covered in icy blue scales (AC +1). [mutagenic meat]
  5854 | D:6      | Gained mutation: Your spells are a little easier to cast, but a little less powerful. [mutagenic meat]
  6362 | D:8      | Noticed Erolcha
  6496 | D:8      | Gained mutation: You are surrounded by a mild repulsion field (EV +2). [mutagenic meat]
  6497 | D:8      | Gained mutation: You have very sharp teeth. [mutagenic meat]
  6577 | D:8      | Killed Erolcha
  6577 | D:8      | Reached skill level 10 in Shields
  6659 | D:8      | Found a white marble altar of Elyvilon.
  6670 | D:8      | Noticed Joseph
  6689 | D:8      | Killed Joseph
  6689 | D:8      | Reached skill level 11 in Shields
  6871 | D:8      | Found a bloodstained altar of Trog.
  6880 | D:8      | Gained mutation: You are frail (-10% HP). [mutagenic meat]
  6881 | D:8      | Gained mutation: You are partially covered in rugged brown scales (AC +1, +3% HP). [mutagenic meat]
  6930 | D:8      | Reached XP level 10. HP: 53/53 MP: 13/13
  7044 | D:8      | Reached skill level 12 in Shields
  7630 | D:9      | Reached *** piety under Fedhas
  7690 | D:9      | Noticed Chiseanne's ghost (novice CeAE)
  7705 | D:9      | Killed Chiseanne's ghost
  8225 | D:9      | Reached skill level 1 in Invocations
  8407 | D:10     | Entered Level 10 of the Dungeon
  8407 | D:10     | Noticed Sonja
  8411 | D:10     | Killed Sonja
  8452 | D:10     | Reached skill level 13 in Shields
  8535 | D:10     | Reached skill level 5 in Invocations
  8747 | D:10     | Noticed a hill giant
  8827 | D:10     | Killed a hill giant
  8827 | D:10     | Reached XP level 11. HP: 28/58 MP: 13/15
  9016 | D:10     | Noticed Psyche
  9027 | D:10     | Killed Psyche
  9032 | D:10     | Noticed an unseen horror
  9081 | D:10     | Killed an unseen horror
  9327 | D:10     | Lost mutation: Scrolls take you a little longer to read. [mutagenic meat]
  9328 | D:10     | Gained mutation: You expend magic power (3 MP) to strengthen your wands. [mutagenic meat]
  9330 | D:10     | Lost mutation: Your muscles are strong. (Str +2) [mutagenic meat]
  9518 | D:11     | Noticed a centaur warrior
  9524 | D:11     | Killed Maurice
  9869 | D:11     | Found a frozen archway.
  9880 | IceCv    | Entered an ice cave
  9909 | IceCv    | Reached skill level 5 in Dodging
 11305 | IceCv    | Reached skill level 5 in Evocations
 11409 | IceCv    | Reached XP level 12. HP: 31/69 MP: 6/16
 11890 | IceCv    | Noticed a death yak
 11992 | IceCv    | Killed a death yak
 12022 | IceCv    | Reached skill level 5 in Fighting
 12136 | IceCv    | Noticed a death yak
 12136 | IceCv    | Noticed a frost giant
 12136 | IceCv    | Noticed a death yak
 12138 | IceCv    | Upgraded the game from 0.18-a0-1196-g09327cf to 0.18-a0-1197-g8004e50
 12148 | IceCv    | HP: 2/71 [frost giant/battleaxe of freezing (4)]
 12172 | IceCv    | Killed a death yak
 12593 | IceCv    | Killed a frost giant
 12593 | IceCv    | Reached skill level 10 in Stealth
 12603 | IceCv    | Killed a death yak
 12914 | D:11     | Found a staircase to the Lair.
 12927 | D:11     | Noticed Fannar
 12936 | D:11     | Noticed Fannar
 12936 | D:11     | Fannar changed into Fannar the shock serpent
 12941 | D:11     | Killed Fannar the shock serpent
 13048 | D:11     | Noticed Urug
 13064 | D:11     | Killed Urug
 13399 | Lair:1   | Entered Level 1 of the Lair of Beasts
 13410 | Lair:1   | Noticed an eight-headed hydra
 14252 | Lair:1   | Killed an eight-headed hydra
 14853 | Lair:2   | Reached **** piety under Fedhas
 15159 | Lair:2   | Noticed a seven-headed hydra
 15175 | Lair:2   | Mangled by a nine-headed hydra

Vault maps used:
D:1:      minmay_arrival_shattered_statue, minmay_misc_feat_tower,
          minmay_misc_feat_roman
D:2:      lemuel_upstairs_altar, uniq_crazy_yiuf_cottage, uniq_iyjb
D:3:      marbit_many_paths, vehumet_crystals, xom_butterflies,
          ecumenical_altar_2, kennysheep_decorative_pillar, minivault_19,
          grunt_ministairs_4
D:4:      nicolae_overflow_hidden_temple, amethyst_overflow_temple_binary,
          portal_sewer_entry_e, grunt_pakellas_basics
D:5:      first_bread, uniq_pikel
D:7:      minmay_temple_entry_grid
D:8:      elyvilon_altar_4, grunt_livestock, bloody_trog, uniq_joseph,
          uniq_erolcha
D:9:      kennysheep_crisscross, hangedman_decor_growths
D:10:     kennysheep_generic_room_9, uniq_sonja, uniq_psyche
D:11:     lair_0_dummy, portal_ice_cave_entry_pillars_01, uniq_maurice,
          uniq_fannar, uniq_urug
Temple:   triangle_lava_temple_11
Lair:1:   grunt_megastairs_3, infiniplex_staircase_pool_2
Lair:2:   lemuel_ratsnest, wad_woods_antlair, grunt_megastairs_5
Sewer:    sewer_big_baddie
IceCv:    ice_cave_caverns_01

Action                   |  1- 3 |  4- 6 |  7- 9 | 10-12 || total
-------------------------+-------+-------+-------+-------++-------
Melee: Short sword       |    23 |       |       |       ||    23
       Whip              |    13 |    75 |    96 |    43 ||   227
       Long sword        |       |       |   140 |   434 ||   574
       Unarmed           |       |       |     3 |       ||     3
       Dagger            |       |       |     1 |    71 ||    72
 Fire: Hunting sling     |       |       |     1 |    14 ||    15
       Blowgun           |       |       |       |    17 ||    17
Invok: Sunlight          |       |       |     4 |     6 ||    10
       Evolution         |       |       |     2 |    21 ||    23
Evoke: Wand              |       |     8 |    14 |    27 ||    49
  Use: Potion            |     2 |       |     3 |    15 ||    20
       Scroll            |       |       |     3 |    19 ||    22
 Stab: Sleeping          |     7 |     3 |    29 |    22 ||    61
       Confused          |       |     2 |       |     8 ||    10
       Distracted        |       |       |     3 |     4 ||     7
  Eat: Chunk             |       |     2 |    12 |     5 ||    19
       Meat ration       |       |       |     3 |     2 ||     5
       Royal jelly       |       |       |     1 |       ||     1
       Bread ration      |       |       |       |     4 ||     4
       Beef jerky        |       |       |       |     1 ||     1
